SAA
TACOMA FUR TRADERS @ MINNESOTA LOONS
09/12/2028
 
TOP OF THE 1ST
Tacoma Fur Traders batting - Pitching for Minnesota Loons : LHP Homer Robertson
Pitching: LHP Homer Robertson
Batting: RHB Trevor O'Herlihy 0-0: Ball
1-0: Called Strike
1-1: Ball
2-1: Fly out, F7 (Flyball, 7)
Batting: LHB Ryan Marken 0-0: Ball
1-0: Ball
2-0: Ball
3-0: Base on Balls
Batting: RHB Ken Bone 0-0: Swinging Strike
0-1: Ball
1-1: Ball
2-1: Foul Ball, location: 2F
2-2: Ball
3-2: Foul Ball, location: 2F
3-2: DOUBLE (Groundball, 3L)
Ryan Marken to third
Ryan Marken scores
Batting: RHB Gustavo González 0-0: Called Strike
0-1: Foul Ball, location: 2F
0-2: Ball
1-2: Fly out, F2 (Popup, 23)
Batting: SHB Carlos Alicea 0-0: Ground out U3 (Groundball, 34)
Top of the 1st over - 1 run(s), 1 hit(s), 0 error(s), 1 left on base; Tacoma 1 - Minnesota 0
BOTTOM OF THE 1ST
Minnesota Loons batting - Pitching for Tacoma Fur Traders : LHP César González
Pitching: LHP César González
Batting: RHB Jorge Echevarría 0-0: Called Strike
0-1: Ball
1-1: Called Strike
1-2: Ball
2-2: Foul Ball, location: 2F
2-2: Foul Ball, location: 2F
2-2: Ball
3-2: Foul Ball, location: 2F
3-2: Ground out 6-3 (Groundball, 6)
Batting: SHB António Zúñiga 0-0: Ball
1-0: Ball
2-0: Ground out 6-3 (Groundball, 6)
Batting: RHB José Mercado 0-0: Called Strike
0-1: Foul Ball, location: 2F
0-2: SINGLE (Line Drive, 78S)
Batting: LHB Juan Aranda 0-0: Swinging Strike
0-1: Foul Ball, location: 2F
0-2: Ball
1-2: Foul Ball, location: 2F
1-2: Foul Ball, location: 2F
1-2: Fly out, F8 (Flyball, 89D)
Bottom of the 1st over - 0 run(s), 1 hit(s), 0 error(s), 1 left on base; Tacoma 1 - Minnesota 0
TOP OF THE 2ND
Tacoma Fur Traders batting - Pitching for Minnesota Loons : LHP Homer Robertson
Batting: RHB Nick Boyd 0-0: Foul Ball, location: 2F
0-1: Foul Ball, location: 2F
0-2: Foul Ball, location: 2F
0-2: Ball
1-2: Foul Ball, location: 2F
1-2: Foul Ball, location: 2F
1-2: Foul Ball, location: 2F
1-2: Fly out, F6 (Popup, 6D)
Batting: SHB Dave Gant 0-0: Ground out 6-3 (Groundball, 6M)
Batting: RHB Carlos Correa 0-0: Foul Ball, location: 2F
0-1: Foul Ball, location: 2F
0-2: Foul Ball, location: 2F
0-2: Ball
1-2: Strikes out swinging
Top of the 2nd over - 0 run(s), 0 hit(s), 0 error(s), 0 left on base; Tacoma 1 - Minnesota 0
BOTTOM OF THE 2ND
Minnesota Loons batting - Pitching for Tacoma Fur Traders : LHP César González
Batting: RHB Randolph Descoteaux 0-0: Called Strike
0-1: Ball
1-1: Fly out, F9 (Flyball, 9LMF)
Batting: RHB Jorge Arreola 0-0: SINGLE (Line Drive, 6M)
Batting: RHB Todd Franklin 0-0: Ball
1-0: Ball
2-0: Ball
3-0: Called Strike
3-1: Swinging Strike
3-2: Strikes out looking
Batting: LHB Arnau Zabajeta 0-0: Foul Ball, location: 2F
0-1: Ball
1-1: Ball
2-1: Fielders Choice at 2nd, 6-4 (Groundball, 6)
Bottom of the 2nd over - 0 run(s), 1 hit(s), 0 error(s), 0 left on base; Tacoma 1 - Minnesota 0
TOP OF THE 3RD
Tacoma Fur Traders batting - Pitching for Minnesota Loons : LHP Homer Robertson
Batting: RHB Roberto Aguirre 0-0: Ball
1-0: Ball
2-0: Called Strike
2-1: Called Strike
2-2: Ball
3-2: Base on Balls
Batting: RHB Trevor O'Herlihy 0-0: Ball
Roberto Aguirre is caught stealing 2nd base
1-0: Foul Ball, location: 2F
1-1: Ground out 6-3 (Groundball, 6)
Batting: LHB Ryan Marken 0-0: Ball
1-0: Called Strike
1-1: Called Strike
1-2: Ball
2-2: Foul Ball, location: 2F
2-2: Ball
3-2: Fly out, F8 (Flyball, 8LM)
Top of the 3rd over - 0 run(s), 0 hit(s), 0 error(s), 0 left on base; Tacoma 1 - Minnesota 0
BOTTOM OF THE 3RD
Minnesota Loons batting - Pitching for Tacoma Fur Traders : LHP César González
Batting: RHB Icarus Giannopolous 0-0: Swinging Strike
0-1: Fly out, F1 (Line Drive, 15)
Batting: RHB Jorge Echevarría 0-0: Swinging Strike
0-1: Ball
1-1: Fly out, F8 (Flyball, 8LXD)
Batting: SHB António Zúñiga 0-0: Ball
1-0: Foul Ball, location: 2F
1-1: Ball
2-1: Ball
3-1: Called Strike
3-2: Fly out, F8 (Flyball, 8RM)
Bottom of the 3rd over - 0 run(s), 0 hit(s), 0 error(s), 0 left on base; Tacoma 1 - Minnesota 0
TOP OF THE 4TH
Tacoma Fur Traders batting - Pitching for Minnesota Loons : LHP Homer Robertson
Batting: RHB Ken Bone 0-0: SINGLE (Groundball, 6MD)
Batting: RHB Gustavo González 0-0: Ball
1-0: Ball
2-0: Grounds into double play, 6-4-3 (Groundball, 6)
Batting: SHB Carlos Alicea 0-0: Foul Ball, location: 2F
0-1: Swinging Strike
0-2: Foul Ball, location: 2F
0-2: SINGLE (Line Drive, 5)
Batting: RHB Nick Boyd 0-0: Called Strike
0-1: Ball
1-1: Fielders Choice at 2nd, 4-6 (Groundball, 4D)
Top of the 4th over - 0 run(s), 2 hit(s), 0 error(s), 0 left on base; Tacoma 1 - Minnesota 0
BOTTOM OF THE 4TH
Minnesota Loons batting - Pitching for Tacoma Fur Traders : LHP César González
Batting: RHB José Mercado 0-0: Ball
1-0: Called Strike
1-1: Ground out 6-3 (Groundball, 6)
Batting: LHB Juan Aranda 0-0: Ball
1-0: Ball
2-0: Foul Ball, location: 2F
2-1: Ground out 6-3 (Groundball, 6)
Batting: RHB Randolph Descoteaux 0-0: Ball
1-0: Ball
2-0: Called Strike
2-1: Foul Ball, location: 2F
2-2: Ball
3-2: Foul Ball, location: 2F
3-2: Base on Balls
Batting: RHB Jorge Arreola 0-0: Ball
1-0: Ball
2-0: Swinging Strike
2-1: Foul Ball, location: 2F
2-2: Ball
3-2: Strikes out swinging
Bottom of the 4th over - 0 run(s), 0 hit(s), 0 error(s), 1 left on base; Tacoma 1 - Minnesota 0
TOP OF THE 5TH
Tacoma Fur Traders batting - Pitching for Minnesota Loons : LHP Homer Robertson
Batting: SHB Dave Gant 0-0: Ball
1-0: DOUBLE (Groundball, 5L)
Batting: RHB Carlos Correa 0-0: Called Strike
0-1: SINGLE (Groundball, 56S) (infield hit)
Dave Gant to third
Batting: RHB Roberto Aguirre 0-0: Fly out, F9 (Flyball, 9D)
Runner from 3rd tags up, SCORES, no throw
Batting: RHB Trevor O'Herlihy 0-0: Called Strike
0-1: Ball
1-1: Called Strike
1-2: Ball
2-2: Ball
3-2: Base on Balls
Carlos Correa to second
Batting: LHB Ryan Marken 0-0: SINGLE (Groundball, 34S) (infield hit)
Carlos Correa to third
Trevor O'Herlihy to second
Batting: RHB Ken Bone 0-0: Ball
1-0: Foul Ball, location: 2F
1-1: Ball
2-1: Ball
3-1: Fly out, F8 (Line Drive, 78S)
Runner from 3rd tags up, SCORES, no throw
Batting: RHB Gustavo González 0-0: Foul Ball, location: 2F
0-1: Ball
1-1: Swinging Strike
1-2: SINGLE (Line Drive, 5)
Trevor O'Herlihy to third
Ryan Marken to second
Batting: SHB Carlos Alicea 0-0: Fly out, F9 (Flyball, 9)
Top of the 5th over - 2 run(s), 4 hit(s), 0 error(s), 3 left on base; Tacoma 3 - Minnesota 0
BOTTOM OF THE 5TH
Minnesota Loons batting - Pitching for Tacoma Fur Traders : LHP César González
Batting: RHB Todd Franklin 0-0: Called Strike
0-1: Bunt for hit - play at first, batter safe!
Batting: LHB Arnau Zabajeta 0-0: Foul Ball, location: 2F
0-1: Sac Bunt - play at first, batter OUT! 1-3
Todd Franklin to second
Batting: RHB Icarus Giannopolous 0-0: Called Strike
0-1: Ball
1-1: Foul Ball, location: 2F
1-2: Ball
2-2: Ball
3-2: Strikes out swinging
Batting: RHB Jorge Echevarría 0-0: Ball
1-0: Ground out 6-3 (Groundball, 6)
Bottom of the 5th over - 0 run(s), 1 hit(s), 0 error(s), 1 left on base; Tacoma 3 - Minnesota 0
TOP OF THE 6TH
Tacoma Fur Traders batting - Pitching for Minnesota Loons : LHP Homer Robertson
Batting: RHB Nick Boyd 0-0: Ball
1-0: SINGLE (Groundball, 4MD)
Batting: SHB Dave Gant 0-0: Called Strike
0-1: Ball
1-1: Bunted foul
1-2: Ball
2-2: Fly out, F8 (Flyball, 8RS)
Batting: RHB Carlos Correa 0-0: Ball
1-0: Foul Ball, location: 2F
1-1: Fly out, F9 (Flyball, 9LS)
Now in RF: Nathaniel Griffin
Batting: RHB Roberto Aguirre 0-0: Ball
1-0: Called Strike
1-1: Ground out 5-3 (Groundball, 56S)
Top of the 6th over - 0 run(s), 1 hit(s), 0 error(s), 1 left on base; Tacoma 3 - Minnesota 0
BOTTOM OF THE 6TH
Minnesota Loons batting - Pitching for Tacoma Fur Traders : LHP César González
Batting: SHB António Zúñiga 0-0: Ball
1-0: Called Strike
1-1: DOUBLE (Flyball, 8RXD)
Batting: RHB José Mercado 0-0: Called Strike
0-1: Ball
1-1: Called Strike
1-2: Ball
2-2: Ground out 5-3 (Groundball, 5S)
António Zúñiga to third
Batting: RHB Nathaniel Griffin 0-0: Ball
Wild Pitch!
António Zúñiga scores
1-0: Ball
2-0: Foul Ball, location: 2F
2-1: Ball
3-1: Base on Balls
Batting: RHB Randolph Descoteaux 0-0: Called Strike
0-1: Ball
1-1: Ball
Wild Pitch!
Nathaniel Griffin to second
2-1: Ball
3-1: Foul Ball, location: 2F
3-2: Ground out 5-3 (Groundball, 56)
Batting: RHB Jorge Arreola 0-0: Swinging Strike
0-1: Fly out, F7 (Flyball, 7)
Bottom of the 6th over - 1 run(s), 1 hit(s), 0 error(s), 1 left on base; Tacoma 3 - Minnesota 1
TOP OF THE 7TH
Tacoma Fur Traders batting - Pitching for Minnesota Loons : LHP Homer Robertson
Batting: RHB Trevor O'Herlihy 0-0: Called Strike
0-1: Ball
1-1: Called Strike
1-2: Foul Ball, location: 2F
1-2: Ground out 5-3 (Groundball, 5S)
Pitching: LHP Luis Domínguez
Batting: LHB Ryan Marken 0-0: Foul Ball, location: 2F
0-1: Ball
1-1: Called Strike
1-2: Ball
2-2: Ground out 6-3 (Groundball, 6M)
Batting: RHB Ken Bone 0-0: Called Strike
0-1: Foul Ball, location: 2F
0-2: Ball
1-2: Ball
2-2: Foul Ball, location: 2F
2-2: Ground out 4-3 (Groundball, 4)
Top of the 7th over - 0 run(s), 0 hit(s), 0 error(s), 0 left on base; Tacoma 3 - Minnesota 1
BOTTOM OF THE 7TH
Minnesota Loons batting - Pitching for Tacoma Fur Traders : LHP César González
Batting: RHB Todd Franklin 0-0: Called Strike
0-1: Ball
1-1: Foul Ball, location: 2F
1-2: Foul Ball, location: 2F
1-2: Foul Ball, location: 2F
1-2: Foul Ball, location: 2F
1-2: Ball
2-2: Foul Ball, location: 2F
2-2: Strikes out looking
Batting: LHB Arnau Zabajeta 0-0: Ball
1-0: Fly out, F4 (Line Drive, 4M)
Batting: RHB Icarus Giannopolous 0-0: Called Strike
0-1: Foul Ball, location: 2F
0-2: Ball
1-2: Strikes out swinging
Bottom of the 7th over - 0 run(s), 0 hit(s), 0 error(s), 0 left on base; Tacoma 3 - Minnesota 1
TOP OF THE 8TH
Tacoma Fur Traders batting - Pitching for Minnesota Loons : LHP Luis Domínguez
Batting: RHB Gustavo González 0-0: Ball
1-0: Swinging Strike
1-1: Ball
2-1: Ball
3-1: Swinging Strike
3-2: Fly out, F8 (Flyball, 8RXD)
Batting: SHB Carlos Alicea 0-0: Ball
1-0: Fly out, F8 (Flyball, 8LM)
Batting: RHB Nick Boyd 0-0: Ball
1-0: Swinging Strike
1-1: Called Strike
1-2: Strikes out looking
Top of the 8th over - 0 run(s), 0 hit(s), 0 error(s), 0 left on base; Tacoma 3 - Minnesota 1
BOTTOM OF THE 8TH
Minnesota Loons batting - Pitching for Tacoma Fur Traders : LHP César González
Pitching: RHP Baker Mayfield
Batting: RHB Jorge Echevarría 0-0: Called Strike
0-1: Swinging Strike
0-2: Foul Ball, location: 2F
0-2: Ball
1-2: Foul Ball, location: 2F
1-2: Ball
2-2: Strikes out swinging
Batting: SHB António Zúñiga 0-0: Ball
1-0: Ball
2-0: Ball
3-0: Called Strike
3-1: Base on Balls
Batting: RHB José Mercado 0-0: Ball
1-0: Fly out, F8 (Line Drive, 89M)
Batting: RHB Nathaniel Griffin 0-0: SINGLE (Groundball, 6MD)
António Zúñiga to second
Batting: RHB Randolph Descoteaux 0-0: Called Strike
0-1: Ball
1-1: Called Strike
1-2: Ball
2-2: Strikes out swinging
Bottom of the 8th over - 0 run(s), 1 hit(s), 0 error(s), 2 left on base; Tacoma 3 - Minnesota 1
TOP OF THE 9TH
Tacoma Fur Traders batting - Pitching for Minnesota Loons : LHP Luis Domínguez
Batting: SHB Dave Gant 0-0: Ball
1-0: Ball
2-0: Foul Ball, location: 2F
2-1: Ground out 5-3 (Groundball, 56)
Batting: RHB Carlos Correa 0-0: Called Strike
0-1: Swinging Strike
0-2: Ball
1-2: Foul Ball, location: 2F
1-2: Ball
2-2: Ground out 6-3 (Groundball, 6)
Batting: RHB Roberto Aguirre 0-0: Ball
1-0: Foul Ball, location: 2F
1-1: Ball
2-1: Ball
3-1: Base on Balls
Batting: RHB Trevor O'Herlihy 0-0: Called Strike
0-1: Ball
1-1: Ball
2-1: Called Strike
Roberto Aguirre is caught stealing 2nd base
Top of the 9th over - 0 run(s), 0 hit(s), 0 error(s), 0 left on base; Tacoma 3 - Minnesota 1
BOTTOM OF THE 9TH
Minnesota Loons batting - Pitching for Tacoma Fur Traders : RHP Baker Mayfield
Pitching: LHP Juan Vargas
Batting: RHB Jorge Arreola 0-0: Ball
1-0: SINGLE (Flyball, 89S)
Pinch Hitting: RHB Alex Rucker 0-0: Foul Ball, location: 2F
0-1: Ball
1-1: Ground out 5-3 (Groundball, 56S)
Jorge Arreola to second
Pinch Hitting: RHB Salvador Esparza 0-0: Ground out 4-3 (Groundball, 4)
Jorge Arreola to third
Pinch Hitting: RHB Joe Dundee 0-0: Called Strike
0-1: Ball
1-1: Called Strike
1-2: Foul Ball, location: 2F
1-2: 2-RUN HOME RUN (Flyball, 8LD), Distance : 433 ft
Batting: RHB Jorge Echevarría 0-0: Ball
1-0: Called Strike
1-1: Foul Ball, location: 2F
1-2: Strikes out looking
Bottom of the 9th over - 2 run(s), 2 hit(s), 0 error(s), 0 left on base; Tacoma 3 - Minnesota 3
TOP OF THE 10TH
Tacoma Fur Traders batting - Pitching for Minnesota Loons : LHP Luis Domínguez
Pitching: RHP José Marroquín
Now at SS: Isuru Tanaka
Now in LF: Alex Rucker
Now in CF: Salvador Esparza
Batting: RHB Trevor O'Herlihy 0-0: Ball
1-0: SOLO HOME RUN (Flyball, 8LXD), Distance : 431 ft
Batting: LHB Ryan Marken 0-0: Ball
1-0: Ball
2-0: Swinging Strike
2-1: Ground out 4-3 (Groundball, 4)
Batting: RHB Ken Bone 0-0: Ball
1-0: Foul Ball, location: 2F
1-1: Ball
2-1: Foul Ball, location: 2F
2-2: Foul Ball, location: 2F
2-2: Ground out 6-3 (Groundball, 6S)
Batting: RHB Gustavo González 0-0: Called Strike
0-1: Ball
1-1: Foul Ball, location: 2F
1-2: Ball
2-2: Strikes out swinging
Top of the 10th over - 1 run(s), 1 hit(s), 0 error(s), 0 left on base; Tacoma 4 - Minnesota 3
BOTTOM OF THE 10TH
Minnesota Loons batting - Pitching for Tacoma Fur Traders : LHP Juan Vargas
Batting: SHB António Zúñiga 0-0: Swinging Strike
0-1: Swinging Strike
0-2: Ball
1-2: Foul Ball, location: 2F
1-2: Foul Ball, location: 2F
1-2: Foul Ball, location: 2F
1-2: Strikes out looking
Batting: RHB José Mercado 0-0: Fly out, F9 (Flyball, 9S)
Batting: RHB Nathaniel Griffin 0-0: Foul Ball, location: 2F
0-1: Called Strike
0-2: Ball
1-2: Foul Ball, location: 2F
1-2: Ball
2-2: Ball
3-2: Strikes out swinging
Bottom of the 10th over - 0 run(s), 0 hit(s), 0 error(s), 0 left on base; Tacoma 4 - Minnesota 3
Tuesday, September 5th, 2017 - OOTP Baseball 17.12 Build 75